 Dungeon Crawl Stone Soup version 0.21-a0-444-g29a2fec (webtiles) character file.

18 slep the Skirmisher (level 2, 0/24 HPs)
             Began as a Demonspawn Monk on Nov 18, 2017.
             Slain by a goblin (2 damage)
             ... on level 1 of the Dungeon.
             The game lasted 00:01:34 (332 turns).

slep the Skirmisher (Demonspawn Monk)                Turns: 332, Time: 00:01:35

Health: 0/24       AC:  2    Str: 11    XL:     2   Next: 51%
Magic:  2/2        EV: 13    Int: 11    God:
Gold:   32         SH:  0    Dex: 15    Spells: 1/1 levels left

rFire    . . .     SeeInvis .   a - +0 falchion
rCold    . . .     Gourm    .   (no shield)
rNeg     . . .     Faith    .   b - +0 robe
rPois    .         Spirit   .   (no helmet)
rElec    .         Reflect  .   (no cloak)
rCorr    .         Harm     .   (no gloves)
MR       .....                  (no boots)
Stlth    ++........             (no amulet)
HPRegen  0.08/turn              (no ring)
MPRegen  0.08/turn              (no ring)

@: no status effects
A: claws 1
a: no special abilities


You were on level 1 of the Dungeon.
You were not hungry.

You visited 1 branch of the dungeon, and saw 1 of its levels.

You collected 32 gold pieces.

Inventory:

Hand Weapons
 a - a +0 falchion (weapon)
Armour
 b - a +0 robe (worn)
Scrolls
 e - 2 scrolls of remove curse {unknown}
 i - 2 scrolls of teleportation {unknown}
Potions
 d - 2 potions of curing {unknown}
 g - a potion of haste {unknown}
Comestibles
 c - 2 bread rations
 f - 2 fruits
 h - a meat ration


   Skills:
 + Level 3.2 Fighting
 + Level 3.0 Long Blades
 + Level 2.9 Dodging
 + Level 1.9 Stealth


You had one spell level left.
You didn't know any spells.

Dungeon Overview and Level Annotations

Branches:
Dungeon (1/15)

Altars:
Cheibriados


Innate Abilities, Weirdness & Mutations

You have sharp fingernails.


Message History

The goblin closely misses you.
You hit the goblin but do no damage.
The goblin is heavily wounded.
The goblin barely misses you.
You riposte.
You slash the goblin!
You kill the goblin!
The goblin shouts!
You see here a scroll labeled ETOXUS LAING.
i - 2 scrolls labeled ETOXUS LAING (gained 1)
You closely miss the goblin. The goblin hits you.
* * * LOW HITPOINT WARNING * * *
You completely miss the goblin. The goblin barely misses you.
The goblin closely misses you.
You riposte.
You barely miss the goblin. You hit the goblin.
The goblin is severely wounded.
The goblin closely misses you.
You riposte.
You completely miss the goblin.
The goblin is severely wounded.
You closely miss the goblin.
The goblin is severely wounded.
The goblin hits you.
You die...

#......)..((..(......#
..........######.....#
#.........# #.....#
#.........######.....#
#########............###
#..†...........#
#.###.#......#.#
#.##..###.#....#
#....##.@.###..#
#.#.....g..# ##
#.##.#.._..#
#.#..#$......
#!###..)##.# #.### .#
... # ###


You could see a goblin.

Vanquished Creatures
  2 dart slugs (D:1)
  A bat (D:1)
  3 goblins (D:1)
  A hobgoblin (D:1)
  3 kobolds (D:1)
  2 frilled lizards (D:1)
  2 rats (D:1)
14 creatures vanquished.

Notes
Turn   | Place    | Note
-------+----------+-------------------------------------------
     0 | D:1      | slep the Demonspawn Monk began the quest for the Orb.
     0 | D:1      | Reached XP level 1. HP: 18/18 MP: 1/1
   217 | D:1      | Gained mutation: You have sharp fingernails. [demonic ancestry]
   217 | D:1      | Reached XP level 2. HP: 20/24 MP: 2/2
   295 | D:1      | HP: 1/24 [kobold/short sword (3)]
   315 | D:1      | Found a snail-covered altar of Cheibriados.
   332 | D:1      | Slain by a goblin

Vault maps used:
D:1:      minmay_arrival_hallway, minmay_hexomino_r4

Skill      XL: |  1  2 |
---------------+-------+-----
Long Blades    | 3 |  3.0
Fighting       | |  3.2
Dodging        | |  2.9
Stealth        | |  1.9

Action                   || total
-------------------------++-------
Melee: Falchion          ||    36
 Stab: Sleeping          ||     3
Armor: Robe              ||     3
Dodge: Dodged            ||    20
       Rpst.: Falchion   ||     5

Table legend:
 A = Spawn XP
 B = Non-spawn XP
 C = Spawn XP percentage of total XP
 D = Spawn monster count
 E = Non-spawn monster count
 F = Spawn count percentage of total count
 G = Total turns spent on level
                    A         B        C        D         E        F      G
               +---------+---------+-------+---------+---------+-------+---------
         Total |       0 |      27 |   0.0 |       0 |      14 |   0.0 |   332
               +---------+---------+-------+---------+---------+-------+---------
           D:1 |       0 |      27 |   0.0 |       0 |      14 |   0.0 |   332
               +---------+---------+-------+---------+---------+-------+---------
